 Dungeon Crawl Stone Soup version 0.24-a0-788-g2b66604 (console) character file.

Game seed: 17156617240530644559, levelgen mode: deterministic

2452 vegansnacktivist the Thaumaturge (level 9, -2/62 HPs)
             Began as a White Draconian Earth Elementalist on Oct 10, 2019.
             Was an Initiate of Nemelex Xobeh.
             Slain by Harold
             ... wielding a +0 halberd of flaming
              (20 damage)
             ... on level 8 of the Dungeon.
             The game lasted 00:16:03 (8708 turns).

vegansnacktivist the Thaumaturge (DrEE)             Turns: 8708, Time: 00:16:04

Health: -2/62      AC: 13    Str: 14    XL:     9   Next: 25%
Magic:  2/23       EV: 15    Int: 19    God:    Nemelex Xobeh [......]
Gold:   295        SH:  0    Dex: 12    Spells: 13/28 levels left

rFire    . . .     SeeInvis .   v - +1 dagger (elec)
rCold    + . .     Gourm    .   (no shield)
rNeg     . . .     Faith    .   (armour unavailable)
rPois    .         Spirit   .   (helmet restricted)
rElec    .         Reflect  .   A - +0 cloak
rCorr    .         Harm     .   d - +1 pair of gloves
MR       .....                  z - +2 pair of boots
Stlth    ++........             Q - amulet of inaccuracy (curse)
HPRegen  0.20/turn              p - +4 ring of strength
MPRegen  0.18/turn              D - +3 ring of evasion

@: no status effects
A: breathe frost, unfitting armour, cold resistance 1, cold-blooded, AC +7
a: Breathe Frost, Draw Escape, Draw Destruction, Draw Summoning, Renounce
Religion


You were on level 8 of the Dungeon.
You worshipped Nemelex Xobeh.
Nemelex Xobeh was noncommittal.
You were very hungry.

You visited 2 branches of the dungeon, and saw 9 of its levels.
You also visited: Sewer.

You collected 295 gold pieces.

Inventory:

Hand Weapons
 g - a +2 dagger of flaming
 v - a +1 dagger of electrocution (weapon)
Missiles
 b - 116 stones (quivered)
 f - 15 poisoned darts
 l - 7 javelins
Armour
 d - a +1 pair of gloves (worn)
 y - a +2 cloak of poison resistance
 z - a +2 pair of boots (worn)
 A - a +0 cloak (worn)
Jewellery
 h - an uncursed ring of poison resistance
 j - a +4 amulet of reflection
 p - a +4 ring of strength (left hand)
 D - a +3 ring of evasion (right hand)
 K - a +3 ring of strength
 L - a +3 amulet of reflection
 Q - a cursed amulet of inaccuracy (around neck)
Wands
 u - a wand of random effects (12)
 w - a wand of acid (3)
 J - a wand of iceblast (13)
Scrolls
 a - 4 scrolls of teleportation
 i - 3 scrolls of remove curse {unknown}
 q - a scroll of noise {unknown}
 t - a scroll of enchant armour
 x - a scroll of amnesia
 B - a scroll of fog {unknown}
 G - a scroll of immolation {unknown}
 N - a scroll of random uselessness {unknown}
 O - a scroll of fear {unknown}
Potions
 e - 2 potions of brilliance
 k - a potion of lignification
 m - 7 potions of flight
 n - 5 potions of heal wounds
 o - a potion of might {unknown}
 r - 3 potions of agility
 s - 6 potions of curing
 C - a potion of magic {unknown}
 E - a potion of ambrosia {unknown}
 F - 3 potions of degeneration {unknown}
 H - a potion of invisibility {unknown}
 I - a potion of haste {unknown}
Comestibles
 c - 7 rations


   Skills:
 - Level 1.7 Dodging
 - Level 1.7 Stealth
 + Level 10.1 Spellcasting
 - Level 1.0 Transmutations
 - Level 7.0 Earth Magic


You had 13 spell levels left.
You knew the following spells:

 Your Spells              Type           Power        Failure   Level  Hunger
a - Sandblast             Erth           #####.       1%          1    None
b - Passwall              Tmut/Erth      ###.....     2%          2    None
c - Stone Arrow           Conj/Erth      ###...       5%          3    None
d - Petrify               Tmut/Erth      ###.....     14%         4    ##.....
e - Lee's Rapid Deconstr  Erth           #####.....   12%         5    #####..

Your spell library contained the following spells:

 Spells                   Type           Power        Failure   Level  Hunger
 Confusing Touch          Hex            #.....       8%          1    None
 Magic Dart               Conj           #...         8%          1    None
 Searing Ray              Conj           #.....       11%         2    None
 Confuse                  Hex            #.......     22%         3    None
 Dazzling Spray           Conj/Hex       #.....       22%         3    None
 Gell's Gravitas          Tloc           #.........   22%         3    None
 Force Lance              Conj/Tloc      #.......     58%         4    ##.....
 Fulminant Prism          Conj/Hex       #.........   58%         4    ##.....
 Iskenderun's Mystic Bla  Conj           #.......     58%         4    ##.....
 Yara's Violent Unravell  Hex/Tmut       ##........   86%         5    #####..
 Metabolic Englaciation   Hex/Ice        #.........   90%         5    #####..


Dungeon Overview and Level Annotations

Branches:
Dungeon (8/15)             Temple (1/1) D:6           Sewer (visited)
   Lair: D:8-11

Altars:
Ashenzari
Cheibriados
Dithmenos
Elyvilon
Fedhas
Gozag
Hepliaklqana
Kikubaaqudgha
Makhleb
Nemelex Xobeh
Okawaru
Qazlal
Ru
Trog
Uskayaw
Vehumet
Wu Jian
Xom
Yredelemnul
Zin
The Shining One

Shops:
D:6 (

Annotations:
D:8 Harold


Innate Abilities, Weirdness & Mutations

You can breathe waves of freezing cold.
You can buffet flying creatures when you breathe cold.
Your icy white scales are hard. (AC +7)
You cannot fit into any form of body armour.
Your flesh is cold resistant. (rC+)
You are cold-blooded and may be slowed by cold attacks.


Message History

You feel your power leaking away.
Unknown command.
Harold throws a throwing net.
The throwing net hits you.
You become entangled in the net!
You stop ascending the stairs.
Unknown command.
Unknown command.
Okay, then.
You can't do that yet.
You tear a large gash into the net.
The eye of draining gazes at you.
You feel your power leaking away.
You struggle against the net.
You have got your breath back.
Harold points at you and mumbles some strange words.
The harpoon shot hits you!
* * * LOW HITPOINT WARNING * * *
You are yanked forward by the harpoon shot.
Harold hits you from afar with a +0 halberd of flaming!!
You die...
Your body disappears without a glow.

.... ...#
...# .G.#
...# ...#
######...#
#@.@G....#
######..##
..# ..#
..# ..#
... ...


You could see Harold and an eye of draining.

Vanquished Creatures
  An ice beast (D:6)
  3 centaurs
  5 ogres
  2 phantoms
  A sky beast (D:6)
  2 big kobolds
  5 bullfrogs
  A scorpion (D:5)
  A crimson imp (D:5)
  A bullfrog zombie (D:7)
  A hound (D:5)
  4 orc priests
  2 bullfrog skeletons
  A centaur skeleton (D:4)
  6 worker ants
  3 orc wizards (D:5)
  A hound zombie (D:6)
  A hound skeleton (D:4)
  A worker ant zombie (D:6)
  3 gnolls (D:5)
  3 river rats (Sewer)
  7 adders
  A shadow imp (D:5)
  2 adder skeletons (D:4)
  9 worms
  2 dart slugs
  3 leopard geckos
  26 orcs
  7 giant cockroaches
  10 goblins
  12 hobgoblins
  12 jackals
  7 quokkas
  9 ball pythons
  6 bats
  8 frilled lizards
  A jackal zombie (D:7)
  31 kobolds
  A leopard gecko skeleton (D:6)
  48 rats
250 creatures vanquished.

Notes
Turn   | Place    | Note
-------+----------+-------------------------------------------
     0 | D:1      | vegansnacktivist the Draconian Earth Elementalist began the
                  | quest for the Orb.
     0 | D:1      | Reached XP level 1. HP: 14/14 MP: 3/3
   371 | D:1      | Reached XP level 2. HP: 9/20 MP: 0/5
   854 | D:1      | Reached XP level 3. HP: 20/26 MP: 6/6
  1317 | D:1      | Learned a level 2 spell: Passwall
  1321 | D:1      | Learned a level 3 spell: Stone Arrow
  1759 | D:2      | Reached XP level 4. HP: 21/33 MP: 7/7
  1886 | D:2      | Reached skill level 5 in Earth Magic
  2460 | D:3      | Found a glowing drain.
  2542 | Sewer    | Entered a sewer
  2856 | Sewer    | Reached XP level 5. HP: 33/38 MP: 4/8
  3218 | Sewer    | Reached XP level 6. HP: 42/45 MP: 9/9
  4713 | D:4      | Reached skill level 3 in Spellcasting
  5051 | D:4      | Reached skill level 4 in Spellcasting
  5051 | D:4      | Your scales start taking on an icy white colour.
  5051 | D:4      | Reached XP level 7. HP: 35/50 MP: 7/13
  5051 | D:4      | Gained mutation: Your flesh is cold resistant. (rC+) [White
                  | Draconian growth]
  5380 | D:5      | Entered Level 5 of the Dungeon
  5506 | D:5      | Reached skill level 5 in Spellcasting
  5737 | D:5      | Learned a level 4 spell: Petrify
  5743 | D:5      | Learned a level 5 spell: Lee's Rapid Deconstruction
  5874 | D:5      | Reached skill level 6 in Spellcasting
  6097 | D:6      | Found a white marble altar of Elyvilon.
  6226 | D:5      | Reached XP level 8. HP: 53/57 MP: 11/17
  6538 | D:6      | Found a shattered altar of Ashenzari.
  6539 | D:6      | Found a glowing silver altar of Zin.
  6678 | D:6      | Reached skill level 7 in Spellcasting
  6689 | D:6      | Found a snail-covered altar of Cheibriados.
  6694 | D:6      | Found an opulent altar of Gozag.
  6697 | D:6      | Found Xytresm's Antique Weapon Shop.
  6928 | D:6      | Found a staircase to the Ecumenical Temple.
  6945 | D:6      | Reached skill level 8 in Spellcasting
  7364 | D:7      | Reached skill level 9 in Spellcasting
  7612 | D:7      | Reached XP level 9. HP: 47/62 MP: 16/22
  8492 | Temple   | Entered the Ecumenical Temple
  8639 | Temple   | Became a worshipper of Nemelex Xobeh the Trickster
  8698 | D:8      | Reached skill level 10 in Spellcasting
  8698 | D:8      | Noticed Harold
  8708 | D:8      | Slain by Harold

Levels and vault maps discovered:
D:1:      erik_arrival_cave_to_civilisation [erik_arrival_cave_to_hall],
          layout_basic, hangedman_abyss_or_decor_lesser_grid
D:2:      layout_basic
D:3:      layout_loops_corners, cheibrodos_sewer_entry_bend,
          kennysheep_generic_room_11
D:4:      layout_rooms, ebering_dispersal_statue_hall, hangedman_decor_growths,
          minmay_rat_hole
D:5:      layout_basic, first_ration, minmay_misc_feat_rugged
D:6:      layout_basic, elyvilon_altar_4, grunt_temple_overflow_open,
          minmay_temple_entry_tees, serial_shops, shop
D:7:      layout_layer_cave
D:8:      cheibrodos_statue_roulette, layout_basic, uniq_harold
Temple:   regret_index_temple_sphere_string

Skill      XL: |  1  2  3  4  5  6  7  8  9 |
---------------+----------------------------+-----
Earth Magic    | 4 5 6 7 |  7.0
Spellcasting   | 4 6 9 10 | 10.1
Dodging        | |  1.7
Stealth        | |  1.7
Transmutations | |  1.0

Action                   |  1- 3 |  4- 6 |  7- 9 || total
-------------------------+-------+-------+-------++-------
Melee: Unarmed           |    49 |       |       ||    49
       Tailslap          |     7 |    31 |    16 ||    54
       Dagger            |   116 |   344 |   164 ||   624
 Cast: Sandblast         |    15 |    51 |    60 ||   126
       Stone Arrow       |       |     3 |    33 ||    36
       Lee's Rapid Decon |       |       |     3 ||     3
 Abil: Breathe Frost     |       |       |     6 ||     6
  Use: Scroll            |       |     6 |     5 ||    11
 Stab: Sleeping          |     1 |     5 |     2 ||     8
  Eat: Chunk             |     3 |    12 |    13 ||    28
Armor: Skin              |    68 |   115 |    76 ||   259
Dodge: Dodged            |   136 |   185 |   148 ||   469
Block: Other             |       |    55 |    48 ||   103
       Reflection        |       |     2 |     1 ||     3

Table legend:
 A = Non-vault XP
 B = Vault XP
 C = Vault XP percentage of total XP
 D = Non-vault monster count
 E = Vault monster count
 F = Vault count percentage of total count
                 A         B        C        D         E       F
            +---------+---------+-------+---------+---------+-------
      Total |    3253 |     250 |   7.1 |     180 |      70 |  28.0
            +---------+---------+-------+---------+---------+-------
        D:1 |      51 |       0 |   0.0 |      30 |       0 |   0.0
        D:2 |      78 |       0 |   0.0 |      29 |       0 |   0.0
        D:3 |      95 |      12 |  11.2 |      33 |       3 |   8.3
        D:4 |     299 |      20 |   6.3 |      18 |      19 |  51.4
        D:5 |     666 |       0 |   0.0 |      24 |       0 |   0.0
        D:6 |     929 |       0 |   0.0 |      25 |       0 |   0.0
        D:7 |     909 |       0 |   0.0 |      19 |       0 |   0.0
        D:8 |     226 |       0 |   0.0 |       2 |       0 |   0.0
      Sewer |       0 |     218 | 100.0 |       0 |      48 | 100.0
            +---------+---------+-------+---------+---------+-------
